AoeStats
← old f1sh

Black Forest

509318987Analyzed
4v4 RM · 6d ago on Sep 26, 2026· 38m 58s· 8 players
Game mode
Random Map
Map size
Large (8 player)
Population
200
Speed
Normal
Resources
Standard
Victory
Conquest
Starting age
Dark Age
Ending age
Imperial Age
RankedLock teamsTeams togetherTeam positionsShared explorationLock speedFull tech treeHidden civsTurbo modeCheats
Victory
Defeat
🇨🇳 Armenians · China
1632
+8
🇹🇼 Celts · Taiwan
1536
+11
🇨🇳 Danes · China
1488
+13
1486
+13
🇻🇳 Mongols · Vietnam
1482
-14
🇷🇺 Britons · Russia
1422
-11
🇹🇷 Italians · Türkiye
1393
-10
🇨🇳 Georgians · China
1389
-10
old f1sh
1:10 Loom
9:48 Feudal Age
9:58 Man-at-Arms
12:21 Arson
12:45 Double-Bit Axe
12:40 Long Swordsman
21:59 Castle Age
20:00 Horse Collar
20:12 Stone Mining
23:14 Bow Saw
26:23 Fishing Lines
27:36 Wheelbarrow
26:52 Gold Mining
27:02 Heavy Plow
28:08 Scale Mail Armor
28:19 Forging
29:12 Chain Mail Armor
28:58 Squires
28:43 Gambesons
29:17 Pikeman
29:33 Two-Handed Swordsman
30:33 Hand Cart
31:49 Gold Shaft Mining
31:58 Iron Casting
30:51 Champion
31:59 Gillnets
36:30 Imperial Age
36:47 Caravan
37:18 Coinage
36:52 Fletching
37:18 Fereters
37:33 Conscription
37:48 Plate Mail Armor
39:02 Blast Furnace
鬼洗
5:05 Loom
12:19 Feudal Age
16:59 Castle Age
14:59 Fishing Lines
15:34 Double-Bit Axe
16:44 Gold Mining
18:50 Wheelbarrow
18:32 Bow Saw
21:38 Ballistics
26:10 Stone Mining
26:01 Horse Collar
26:40 Gillnets
34:04 Imperial Age
31:53 Hand Cart
33:50 Gold Shaft Mining
33:17 Heavy Plow
34:58 Furor Celtica
34:10 Heavy Scorpion
34:11 Capped Ram
34:55 Siege Ram
35:55 Siege Engineers
38:01 Chemistry
V我50%匡扶汉室
3:29 Double-Bit Axe
3:56 Loom
11:58 Feudal Age
11:39 Fishing Lines
14:06 Bow Saw
16:50 Gillnets
22:29 Castle Age
23:42 Gold Mining
27:05 Imperial Age
25:50 Gold Shaft Mining
26:05 Padded Archer Armor
27:18 Guilds
28:11 Two-Man Saw
27:32 Leather Archer Armor
28:53 Chemistry
28:32 Scale Mail Armor
28:42 Forging
36:49 Chain Mail Armor
37:09 Iron Casting
涅槃重生
0:31 Loom
12:55 Feudal Age
18:24 Castle Age
16:31 Double-Bit Axe
16:29 Horse Collar
16:52 Stone Mining
18:16 Gold Mining
19:45 Bow Saw
30:00 Fishing Lines
31:30 Gillnets
31:42 Gillnets
35:17 Imperial Age
32:56 Scale Mail Armor
33:49 Forging
34:26 Chain Mail Armor
35:15 Iron Casting
35:24 Onager
37:13 Plate Mail Armor
37:44 Blast Furnace
37:45 Conscription
37:12 Gambesons
37:13 Arson
37:29 Squires
37:17 Elite Jomsviking
38:36 Capped Ram
40:24 Blast Furnace
shogun
0:49 Loom
10:05 Feudal Age
12:17 Fletching
17:59 Double-Bit Axe
19:43 Wheelbarrow
19:19 Horse Collar
20:02 Fishing Lines
30:31 Castle Age
31:43 Bow Saw
31:37 Heavy Plow
32:18 Hand Cart
33:06 Stone Mining
YuriiVegas
11:12 Feudal Age
10:22 Loom
11:59 Double-Bit Axe
13:21 Loom
17:11 Castle Age
15:43 Gold Mining
15:53 Fishing Lines
16:53 Fletching
18:57 Bodkin Arrow
19:15 Horse Collar
20:12 Wheelbarrow
22:23 Gillnets
23:10 Heavy Plow
26:35 Hand Cart
26:20 Stone Mining
31:14 Imperial Age
29:35 Padded Archer Armor
30:01 Yeomen
29:42 Treadmill Crane
30:48 Leather Archer Armor
31:16 Masonry
31:28 Ballistics
31:01 Town Watch
31:34 Bow Saw
31:16 Elite Longbowman
31:58 Bracer
33:04 Chemistry
33:08 Ballistics
2067
0:43 Loom
13:13 Feudal Age
19:32 Double-Bit Axe
25:34 Castle Age
23:47 Fishing Lines
23:49 Horse Collar
27:50 Bow Saw
29:09 Wheelbarrow
32:06 Heavy Plow
hirax34
6:53 Loom
11:55 Feudal Age
13:12 Double-Bit Axe
13:11 Fishing Lines
15:57 Castle Age
16:54 Bow Saw
16:44 Gillnets
24:19 Stone Mining
24:19 Gold Mining
24:35 Horse Collar
26:17 Wheelbarrow
28:44 Imperial Age
26:57 Wheelbarrow
26:29 Heavy Plow
28:44 Stone Shaft Mining
28:29 Hand Cart
28:54 Fletching
29:05 Padded Archer Armor
30:01 Town Watch
30:17 Bodkin Arrow
30:38 Leather Archer Armor
31:49 Chemistry
31:09 Ballistics
30:59 Bracer
31:08 Thumb Ring
32:11 Two-Man Saw
31:09 Elite Genoese Crossbowman
34:46 Conscription
35:01 Squires
35:52 Ring Archer Armor
36:13 Scale Mail Armor
36:24 Forging
38:33 Chain Mail Armor
Connection lost

Rejoining the realm…

Still unreachable

The connection could not be restored.

Session expired

The server has moved on; the page needs a fresh start.